 Dungeon Crawl Stone Soup version 0.28.0-53-g5a82cb258f (webtiles) character file.

Game seed: 9597846336338983422

81 LynnLen the Sneak (level 4, -5/30 HPs)
             Began as a Vampire Enchanter on Aug 8, 2022.
             Slain by a gnoll
             ... wielding a +0 flail
              (9 damage)
             ... on level 2 of the Dungeon.
             The game lasted 00:08:53 (2204 turns).

LynnLen the Sneak (Vampire Enchanter)               Turns: 2204, Time: 00:08:54

Health: -5/30      AC:  3    Str:  7    XL:     4   Next: 20%
Magic:  4/7        EV: 11    Int: 17    God:
Gold:   86         SH:  3    Dex: 16    Spells: 4/7 levels left

rFire   . . .      SeeInvis +   a - +1 dagger
rCold   . . .      Faith    .   g - +0 buckler
rNeg    . . .      Spirit   .   d - +0 leather armour
rPois   .          Reflect  .   (no helmet)
rElec   .          Harm     .   (no cloak)
rCorr   .          Rampage  .   (no gloves)
Will    .....                   (no boots)
Stlth   +++.......              (no amulet)
HPRegen 0.30/turn               (no ring)
MPRegen 0.10/turn               (no ring)

@: healing quickly
A: alive, fangs 3, see invisible, vampiric 2
a: Exsanguinate


You were on level 2 of the Dungeon.
You visited 1 branch of the dungeon, and saw 2 of its levels.

You collected 86 gold pieces.

Inventory:

Hand Weapons
 a - a +1 dagger (weapon)
Missiles
 e - 3 poisoned darts
 f - 74 stones
Armour
 b - a +0 robe
 d - a +0 leather armour (worn)
 g - a +0 buckler (worn)
Jewellery
 c - a ring of fire
Scrolls
 h - a scroll of fear {unknown}
Potions
 i - 2 potions of curing {unknown}


   Skills:
 * Level 3.7 Short Blades
 - Level 2.1 Dodging
 + Level 5.7 Stealth
 - Level 2.0 Spellcasting
 - Level 4.4 Hexes


You had 4 spell levels left.
You knew the following spells:

 Your Spells              Type           Power      Damage    Failure   Level
a - Confusing Touch       Hex            16%        N/A       21%         3

Your spell library contained the following spells:

 Spells                   Type           Power      Damage    Failure   Level
 Tukima's Dance           Hex            16%        N/A       21%         3
 Ensorcelled Hibernation  Hex/Ice        18%        N/A       24%         2
 Dazzling Flash           Conj/Hex       18%        N/A       43%         3
 Conjure Flame            Conj/Fire      1%         6-21      75%         3
 Ignite Poison            Fire/Tmut/Pois 1%         N/A       75%         3
 Sticky Flame             Conj/Fire      1%         2d3       98%         4


Dungeon Overview and Level Annotations

Branches:
Dungeon (2/15)

Altars:

Shops:
D:1 ?   D:2 *


Innate Abilities, Weirdness & Mutations

Your natural rate of healing is accelerated.
You have razor-sharp teeth.
You have supernaturally acute eyesight. (SInv)
You are afflicted with vampirism and can become a bat while bloodless.


Message History

You hit the gnoll but do no damage.
The gnoll appears confused.
You bite the gnoll, but do no damage. You hit the gnoll.
You bite the gnoll, but do no damage.
The gnoll is moderately wounded.
You hit the gnoll.
The gnoll is heavily wounded.
The gnoll hits you with a +0 halberd!
You strike the helpless gnoll from behind!
You puncture the gnoll!
You kill the gnoll!
You see here a +0 halberd.
You start resting.
A gnoll is nearby!
A gnoll is nearby!
There is a stone staircase leading up here.
You climb upwards.
There is a stone staircase leading down here.
You start resting.
HP restored.
You climb downwards.
The gnoll shouts!
There is a stone staircase leading up here.
Casting: Confusing Touch (quite dangerous; 21% risk of failure)
Press: ? - help, Q - select action, (/) - cycle Dir - look around, f - activate Your hands begin to glow red.
The gnoll shouts!
You hit the gnoll but do no damage. The gnoll barely misses you.
You barely miss the gnoll. You block the gnoll's attack.
You hit the gnoll but do no damage. You block the gnoll's attack.
The gnoll hits you with a +0 halberd! The gnoll hits you with a +0 flail.
There is a stone staircase leading up, spattered with blood here.
You barely miss the gnoll. You block the gnoll's attack.
The gnoll barely misses you.
You hit the gnoll but do no damage. The gnoll hits you with a +0 halberd.
You barely miss the gnoll. The gnoll hits you with a +0 flail!
* * * LOW HITPOINT WARNING * * *
The gnoll closely misses you.
You hit the gnoll but do no damage.
The gnoll appears confused.
The gnoll hits you with a +0 flail!
You die...

♣♣.. ♣..## ###g.###.#......# ♣
♣♣♣ ♣..# #..##.#.###### ♣ ♣..#
##.......## ♣ ♣..#
#####..#...#..# ♣ ♣♣.#
#...#.###.###.# ♣♣
♣.####...#†..###...#
.♣♣♣♣♣♣♣♣...)#<..#.###.###.##
#).♣....♣..).....#..#...#...##
###..........#.g@##...#)..#..#
#..........#...g...###.###.#
#..........######....###)†.#
############ #..#######.#
#...#...#..# #..........#
##.........# ###########


You could see 2 gnolls.

Vanquished Creatures
  An adder (D:2)
  2 gnolls (D:2)
  2 worms (D:2)
  A dart slug (D:1)
  A ball python (D:2)
  7 bats
  4 endoplasms
  4 giant cockroaches
  4 goblins
  2 hobgoblins (D:1)
  4 quokkas
  4 kobolds
  9 rats
45 creatures vanquished.

Notes
Turn   | Place    | Note
-------+----------+-------------------------------------------
     0 | D:1      | LynnLen the Vampire Enchanter began the quest for the Orb.
     0 | D:1      | Reached XP level 1. HP: 13/13 MP: 3/3
   196 | D:1      | Reached XP level 2. HP: 19/19 MP: 5/5
   352 | D:1      | Found Yngawki's Magic Scroll Shop.
   543 | D:1      | Reached skill level 5 in Stealth
  1197 | D:2      | Gained mutation: You are afflicted with vampirism and can
                  | become a bat while bloodless. [Vampire growth]
  1197 | D:2      | Reached XP level 3. HP: 21/24 MP: 6/6
  1211 | D:2      | Learned a level 3 spell: Confusing Touch
  1704 | D:2      | HP: 1/24 [gnoll/+0 flail (10)]
  1912 | D:2      | Found Nukkiss's Assorted Antiques.
  2091 | D:2      | Reached XP level 4. HP: 30/30 MP: 3/7
  2204 | D:2      | Slain by a gnoll

Illustrated notes

Levels and vault maps discovered:
D:1:      minmay_arrival_semitransparent, layout_basic, serial_shops,
          nicolae_shop_statue_plus
D:2:      layout_rooms, chequers_ecumenical_altar_grove, serial_shops,
          nicolae_shop_statue_plus, minmay_between

Skill      XL: |  1  2  3 |
---------------+----------+-----
Short Blades   | 2 3 |  3.7
Stealth        | 5 |  5.7
Dodging        | |  2.1
Spellcasting   | |  2.0
Hexes          | |  4.4

Action                   |  1- 3 |  4- 6 || total
-------------------------+-------+-------++-------
Melee: Dagger            |   198 |    11 ||   209
       Bite              |    15 |     2 ||    17
       Punch             |     1 |       ||     1
 Cast: Confusing Touch   |     4 |     2 ||     6
  Use: Scroll            |     1 |       ||     1
       Potion            |     2 |       ||     2
 Stab: Sleeping          |    10 |       ||    10
       Confused          |     1 |     1 ||     2
Armor: Leather armour    |    56 |       ||    56
Dodge: Dodged            |   121 |     3 ||   124
Block: Buckler           |     5 |     3 ||     8
